cohdb
Replays
Latest Replays
All Replays
Popular Replays
Top Player Replays
Match Explorer
How It Works
Community
CoH3 Stats
Reddit
Sign in to upload your games and track your stats! →
Sign in with Steam
Match 46513715
Unlisted
Match 46513715
Overview
Messages
Build Orders
End
Pioneer Squad
Construct Infanterie Kompanie
Selects Terror Battlegroup
Selects Heavy Gunnery
Grenadier Squad
MG 42 Machine Gun Team
Grenadier Squad
GrW 34 Mortar Team
Selects Interrogate
Construct Luftwaffe Kompanie
221 Scout Car
Medical Bunker
Jäger Squad
Dark Lord Cthulhu
MeeeSHuGgaHH
0
0
Comments
sign in to comment!
No comments posted yet!